 Dungeon Crawl Stone Soup version 0.14-a0-2400-gb2944a8 (webtiles) character file.

796 Egon the Skirmisher (level 7, 62/62 HPs)
             Began as a Pale Draconian Berserker on Feb 3, 2014.
             Was an Elder of Trog.
             Quit the game on Level 5 of the Dungeon.
             The game lasted 00:10:35 (3741 turns).

Egon the Skirmisher (Pale Draconian Berserker)      Turns: 3741, Time: 00:10:35

HP  62/62        AC  8     Str 25      XL: 7   Next: 13%
MP   7/7         EV 13     Int 13      God: Trog [****..]
Gold 216         SH  9     Dex 14      Spells:  0 memorised,  6 levels left

rFire  . . .     SeeInvis .     a - +0 war axe
rCold  . . .     Clarity  .     (armour unavailable)
rNeg   . . .     Conserve .     J - +0 buckler
rPois  .         rCorr    .     u - +1 hat
rElec  .         rRot     .     (no cloak)
SustAb . .       Spirit   .     y - +0 pair of gloves
rMut   .         Warding  .     (no boots)
Saprov . . .     Stasis   .     (no amulet)
MR     .....                    j - +2 ring of dexterity
                                H - +6 ring of strength

@: brilliant, flying, very slightly contaminated, hasted, very quick, not
resistant to hostile enchantments, unstealthy
A: breathe steam, unfitting armour, AC +6
a: Breathe Steam, Burn Spellbooks, Berserk, Trog's Hand, Brothers in Arms,
Renounce Religion


You were on level 5 of the Dungeon.
You worshipped Trog.
Trog was greatly pleased with you.
You were hungry.

You visited 1 branch of the dungeon, and saw 5 of its levels.

You collected 216 gold pieces.

Inventory:

Hand weapons
 a - a +0,+0 war axe (weapon)
 v - a -1,+0 war axe
 z - a +0,+0 hand axe
Armour
 u - a +1 hat (worn)
 y - a +0 pair of gloves (worn)
 J - a +0 buckler (worn)
Magical devices
 E - a wand of polymorph (12)
 F - a wand of polymorph (12)
Comestibles
 c - 4 bread rations
 f - a pear
 k - a lemon
 q - 11 strawberries
 x - a choko
 A - an apple
Scrolls
 b - 4 scrolls of remove curse
 h - 2 scrolls of random uselessness {unknown}
 i - a scroll of fear {unknown}
 l - a scroll of blinking {unknown}
 n - a scroll of enchant armour {unknown}
 o - 3 scrolls of identify {unknown}
 r - a scroll of enchant weapon II {unknown}
 s - a scroll of amnesia {unknown}
 t - a scroll of curse jewellery {unknown}
 B - a scroll of recharging {unknown}
 D - a scroll of teleportation {unknown}
 I - a scroll of fog {unknown}
Jewellery
 j - a +2 ring of dexterity (right hand)
 G - an uncursed ring of protection from magic {unknown}
 H - a +6 ring of strength (left hand)
 K - an uncursed amulet of warding {unknown}
Potions
 e - 2 potions of curing
 g - a potion of heal wounds
 m - a potion of restore abilities
 w - a potion of brilliance


   Skills:
 + Level 5.7 Fighting
 + Level 5.3 Axes
 + Level 4.4 Dodging
 + Level 1.8 Shields


You had 6 spell levels left.
You didn't know any spells.

Dungeon Overview and Level Annotations

Branches:
Dungeon (5/16)
 Temple: D:4-7

Altars:


Message History

Okay, then.
Drink which item? (? for menu, Esc to quit)
You feel very buoyant.
You fly up into the air.
It was a potion of flight.
Drink which item? (? for menu, Esc to quit)
You feel much better.
It was a potion of heal wounds.
Drink which item? (? for menu, Esc to quit)
You feel refreshed.
It was a potion of restore abilities.
Drink which item? (? for menu, Esc to quit)
It has a very clean taste.
It was a potion of cure mutation.
Drink which item? (? for menu, Esc to quit)
You feel clever all of a sudden.
It was a potion of brilliance.
Drink which item? (? for menu, Esc to quit)
You feel yourself speed up.
It was a potion of speed.
You are very lightly contaminated with residual magic.
Assign waypoint to what number? (0-9)
Okay, then.
Unknown command.
Are you sure you want to abandon this character and quit the game? (Confirm with "yes".)

#.# #+# #.###
#...# ###.##
#####...####
............+
#####...####
##.## #.@.#
#....# #....#
#.#### .. ##.
#.


There were no monsters in sight!

Vanquished Creatures
  An ogre (D:4)
  A phantom (D:4)
  A giant frog (D:5)
  A crimson imp (D:5)
  A hound (D:4)
  An iguana (D:4)
  A worker ant (D:4)
  A sky beast zombie (D:3)
  5 adders
  5 gnolls
  A giant mite (D:3)
  2 worms
  A giant eyeball (D:4)
  13 orcs
  3 ball pythons
  7 bats
  2 giant cockroaches
  8 goblins
  6 hobgoblins
  2 jackals (D:5)
  3 oozes
  2 quokkas
  3 giant geckos
  8 giant newts
  9 kobolds
  6 rats
  A rat skeleton (D:4)
95 creatures vanquished.

Notes
Turn   | Place    | Note
--------------------------------------------------------------
     0 | D:1      | Egon, the Draconian Berserker, began the quest for the Orb.
     0 | D:1      | Reached XP level 1. HP: 19/19 MP: 1/1
   309 | D:1      | Reached XP level 2. HP: 23/26 MP: 2/2
   746 | D:2      | Reached skill level 4 in Fighting
   746 | D:2      | Reached XP level 3. HP: 11/33 MP: 3/3
   748 | D:2      | Acquired Trog's second power
  1830 | D:2      | Reached XP level 4. HP: 30/40 MP: 4/4
  2107 | D:3      | Reached XP level 5. HP: 47/47 MP: 5/5
  2825 | D:4      | Reached skill level 5 in Fighting
  3129 | D:4      | Noticed a phantom
  3143 | D:4      | Killed a phantom
  3143 | D:4      | Reached XP level 6. HP: 37/56 MP: 6/6
  3318 | D:4      | Reached skill level 5 in Axes
  3441 | D:4      | Paralysed by a giant eyeball for 2 turns
  3513 | D:4      | Reached skill level 1 in Shields
  3682 | D:5      | Entered Level 5 of the Dungeon
  3703 | D:5      | Acquired Trog's third power
  3727 | D:5      | Your scales start fading to a pale cyan-grey colour.
  3727 | D:5      | Reached XP level 7. HP: 60/62 MP: 7/7
  3741 | D:5      | Quit the game

Action                   |  1- 3 |  4- 6 |  7- 9 || total
-------------------------+-------+-------+-------++-------
Melee: Hand axe          |   161 |    79 |       ||   240
       War axe           |       |   106 |     7 ||   113
Invok: Berserk           |       |     2 |       ||     2
Evoke: Wand              |       |     1 |       ||     1
  Use: Potion            |     1 |       |     6 ||     7
       Scroll            |       |     1 |       ||     1
